 Dungeon Crawl Stone Soup version 0.20.1-1-g8b1a95d (webtiles) character file.

91 Liatris the Chopper (level 4, -2/34 HPs)
             Began as a Demonspawn Gladiator on Aug 16, 2017.
             Slain by an orc
             ... wielding a +0 trident
              (7 damage)
             ... on level 2 of the Dungeon.
             The game lasted 00:06:29 (1981 turns).

Liatris the Chopper (Demonspawn Gladiator)          Turns: 1981, Time: 00:06:31

Health: -2/34      AC:  7    Str: 16    XL:     4   Next: 33%
Magic:  4/4        EV: 13    Int:  9    God:
Gold:   52         SH:  0    Dex: 14    Spells: 3/3 levels left

rFire    . . .     SeeInvis .   a - +0 war axe
rCold    . . .     Gourm    .   (no shield)
rNeg     . . .     Faith    .   b - +0 leather armour
rPois    .         Spirit   .   c - +0 helmet
rElec    .         Reflect  .   (no cloak)
rCorr    .         Harm     .   (no gloves)
MR       .....                  (no boots)
Stlth    +.........             (no amulet)
Regen    0.2/turn               (no ring)
MPRegen  0.1/turn               (no ring)

@: no status effects
A: thin metallic scales 2
a: no special abilities


You were on level 2 of the Dungeon.
You were not hungry.

You visited 1 branch of the dungeon, and saw 3 of its levels.

You collected 52 gold pieces.

Inventory:

Hand Weapons
 a - a +0 war axe (weapon)
Missiles
 d - 3 throwing nets (quivered)
Armour
 b - a +0 leather armour (worn)
 c - a +0 helmet (worn)
Scrolls
 f - a scroll of remove curse {unknown}
 g - 2 scrolls of identify {unknown}
 i - a scroll of teleportation
Potions
 e - a potion of curing
Comestibles
 h - a meat ration
 j - a bread ration


   Skills:
 + Level 2.4 Fighting
 + Level 3.6 Axes
 + Level 1.8 Throwing
 + Level 0.8 Armour
 + Level 3.3 Dodging
 + Level 0.6 Stealth


You had 3 spell levels left.
You didn't know any spells.

Dungeon Overview and Level Annotations

Branches:
Dungeon (3/15)

Altars:


Innate Abilities, Weirdness & Mutations

You are mostly covered in thin metallic scales. (AC +3)


Message History

You see here a hand axe.
There is a stone staircase leading down here.
You start resting.
HP restored.
You climb downwards.
The orc priest calls down the wrath of Beogh upon you.
Beogh smites you! The orc hits you with a trident. The orc misses you.
There is a stone staircase leading up here.
The orc priest closely misses you. The orc hits you.
The orc closely misses you.
You climb upwards.
There is a stone staircase leading down here.
You hit the orc priest.
The orc priest is moderately wounded.
You hit the orc. You hit the orc but do no damage.
The orc priest invokes the aid of Beogh against you.
Beogh smites you!
* * * LOW HITPOINT WARNING * * *
The orc barely misses you. The orc hits you with a trident!
You die...

#.........######
#......).......#
###'#####......######
#.# #...........#
####.# #...........#
#....# #######รท....#
#.#### #.....#
#.##############.....#
#...o@o........+.....#
#####o##...#####.....#
##..........(......
#..................
#......#...........
#......#...........
#......#...........
#......#...........
#).....#...........


You could see an orc priest and 2 orcs.

Vanquished Creatures
  2 adders (D:2)
  An ooze (D:2)
  A worm (D:2)
  4 dart slugs
  2 leopard geckos (D:1)
  2 orcs (D:2)
  11 bats
  4 giant cockroaches
  4 goblins
  9 hobgoblins
  3 jackals (D:1)
  A quokka (D:2)
  A ball python (D:1)
  2 frilled lizards (D:1)
  A kobold (D:2)
  4 rats
52 creatures vanquished.

Notes
Turn   | Place    | Note
-------+----------+-------------------------------------------
     0 | D:1      | Liatris the Demonspawn Gladiator began the quest for the Orb.
     0 | D:1      | Reached XP level 1. HP: 16/16 MP: 1/1
   331 | D:1      | Gained mutation: You are partially covered in thin metallic scales. (AC +2) [demonic ancestry]
   331 | D:1      | Reached XP level 2. HP: 16/22 MP: 2/2
   826 | D:1      | Gained mutation: You are mostly covered in thin metallic scales. (AC +3) [demonic ancestry]
   826 | D:1      | Reached XP level 3. HP: 27/27 MP: 3/3
  1563 | D:2      | Reached XP level 4. HP: 27/34 MP: 4/4
  1981 | D:2      | Slain by an orc

Skill      XL: |  1  2 |
---------------+-------+-----
Axes           | 3 |  3.6
Dodging        | 3 |  3.3
Fighting       | |  2.4
Throwing       | |  1.8
Armour         | |  0.8
Stealth        | |  0.6

Action                   |  1- 3 |  4- 6 || total
-------------------------+-------+-------++-------
Melee: War axe           |   149 |    18 ||   167
  Use: Scroll            |     2 |       ||     2
       Potion            |     2 |       ||     2
 Stab: Sleeping          |     1 |       ||     1
  Eat: Bread ration      |     1 |       ||     1
Armor: Leather armour    |    62 |     5 ||    67
Dodge: Dodged            |   139 |    18 ||   157
